Map: Blackpink LE

Players

TheTossEateR

  • Race: Zerg Zerg
  • League: Master
  • Spawn Location: 7:00

RazerBlader - Winner!

  • Race: Terran Terran
  • League: Grandmaster
  • Spawn Location: 1:00

VOD

Have the link to the VOD?

Description

Time

  • Played on: May 11, 2018, 1:33 p.m.
  • Length: 9:12
Show
View Real Time Build Order
Export as new Build Order

TheTossEateR Zerg 

Build Orders: Hatch First 

Get SALT Encoding   

  12  0:00  Drone  
  13  0:08  Drone  
  14  0:17  Overlord  
  14  0:25  Drone, Extractor  
  14  0:28  Extractor  
  14  0:29  Drone  
  16  0:36  Drone  
  17  0:52  Hatchery  
  17  0:55  Drone  
  17  0:58  Drone  
  18  1:09  Extractor  
  17  1:13  Spawning Pool  
  17  1:16  Drone  
  17  1:19  Drone  
  18  1:26  Drone  
  19  1:37  Drone  
  20  1:49  Hatchery  
  20  1:50  Drone  
  20  2:00  Zergling x2  
  21  2:04  Zergling x2  
  22  2:08  Metabolic Boost  
  22  2:10  Drone  
  23  2:17  Queen  
  23  2:19  Drone  
  26  2:24  Overlord  
  26  2:33  Drone x2  
  27  2:43  Drone, Queen  
  27  2:44  Drone  
  31  2:47  Drone  
  32  2:52  Overlord  
  32  2:58  Drone  
  33  3:00  Drone  
  33  3:03  Queen  
  33  3:05  Drone  
  37  3:12  Baneling Nest, Drone  
  37  3:15  Overlord  
  37  3:17  Drone  
  38  3:20  Drone  
  38  3:22  Zergling x2  
  38  3:25  Zergling x2  
  41  3:30  Zergling x4  
  41  3:31  Zergling x2  
  43  3:35  Zergling x4  
  43  3:36  Zergling x2  
  46  3:43  Zergling x2  
  46  3:45  Zergling x2  
  46  3:46  Zergling x2  
  49  3:50  Zergling x6  
  49  3:54  Zergling x2  
  53  3:56  Zergling x2  
  53  3:58  Zergling x2  
  55  4:08  Zergling x2  
  55  4:15  Drone x2  
  55  4:16  Overlord x2, Roach Warren  
  56  4:19  Drone  
  56  4:22  Extractor  
  56  4:23  Drone  
  57  4:27  Overlord  
  57  4:36  Drone x4  
  57  4:37  Drone, Spine Crawler  
  49  4:57  Roach x5  
  49  4:58  Roach x3  
  59  5:00  Extractor  
  59  5:01  Roach, Extractor  
  59  5:03  Roach  
  59  5:06  Roach  
  63  5:09  Roach  
  63  5:14  Roach  
  67  5:15  Roach  
  67  5:19  Spore Crawler  
  68  5:23  Spore Crawler  
  66  5:30  Roach x2  
  66  5:34  Drone x2  
  69  5:41  Drone x2  
  68  5:44  Roach  
  68  5:48  Roach  
  72  5:54  Roach  
  72  5:55  Roach  
  76  5:58  Roach  
  78  6:06  Roach x2  
  82  6:12  Roach  
  82  6:16  Roach  
  82  6:19  Roach  
  82  6:21  Drone x3  
  82  6:25  Drone  
  74  6:26  Drone  
  74  6:29  Roach  
  74  6:31  Drone  
  76  6:34  Drone  
  76  6:37  Drone  
  76  6:39  Drone  
  67  6:50  Spore Crawler  
  67  6:52  Lair  
  64  6:59  Drone x5  
  64  7:00  Drone  
  68  7:07  Spore Crawler  
  63  7:09  Drone x2  
  63  7:10  Spore Crawler  
  63  7:14  Evolution Chamber  
  63  7:18  Drone  
  63  7:19  Drone x2  
  66  7:23  Drone  
  66  7:24  Drone x2  
  66  7:27  Overlord  
  69  7:32  Overlord  
  69  7:35  Roach  
  69  7:36  Roach  
  69  7:51  Hydralisk Den  
  69  7:52  Drone x5  
  69  7:58  Overlord  
  73  7:59  Overlord  
  73  8:05  Roach x3  
  79  8:11  Roach, Spine Crawler  
  78  8:22  Hydralisk x3  
  76  8:28  Hydralisk  
  76  8:30  Hydralisk  
  60  8:35  Hydralisk  
  60  8:38  Hydralisk  
  62  8:47  Hydralisk  
Show
View Real Time Build Order
Export as new Build Order

RazerBlader Terran - Winner!

Build Orders: Reaper Expand, Hellion Banshee, MMM Bio 

Get SALT Encoding   

  12  0:00  SCV  
  13  0:13  SCV  
  14  0:17  Supply Depot  
  14  0:25  SCV  
  15  0:39  SCV  
  15  0:40  Barracks  
  16  0:45  Refinery  
  16  0:51  SCV  
  17  1:03  SCV  
  18  1:15  SCV  
  19  1:27  Reaper  
  19  1:28  Orbital Command  
  20  1:40  Command Center  
  20  1:49  Supply Depot  
  20  1:54  SCV  
  21  1:59  Marine  
  22  2:06  SCV  
  23  2:12  Refinery, Factory  
  23  2:18  SCV  
  23  2:22  Barracks Reactor  
  24  2:30  SCV  
  25  2:42  SCV  
  26  2:57  Starport  
  26  2:59  Orbital Command  
  26  3:02  SCV  
  27  3:06  Hellion x2  
  27  3:11  Barracks Tech Lab  
  31  3:14  SCV  
  31  3:16  Supply Depot  
  32  3:26  SCV  
  33  3:28  Hellion x2  
  33  3:30  SCV  
  38  3:38  SCV  
  39  3:42  Supply Depot, SCV  
  39  3:43  Banshee  
  39  3:44  Cloaking Field  
  43  3:50  Hellion, SCV  
  43  3:53  Hellion  
  43  3:54  SCV  
  49  4:02  SCV  
  50  4:09  Command Center  
  50  4:10  SCV  
  50  4:14  SCV  
  52  4:17  Supply Depot  
  52  4:20  Hellion  
  52  4:22  Hellion  
  52  4:23  SCV  
  57  4:27  SCV  
  57  4:29  Banshee  
  61  4:31  Barracks Tech Lab  
  61  4:35  SCV  
  60  4:53  Hellion  
  60  5:00  Hellion  
  60  5:02  SCV x2  
  60  5:05  Marine  
  60  5:06  Stimpack  
  65  5:09  Barracks  
  65  5:10  Engineering Bay x2, Barracks  
  65  5:14  SCV x2  
  67  5:23  Orbital Command  
  67  5:26  SCV  
  68  5:31  SCV  
  68  5:33  Barracks  
  68  5:34  Factory Reactor  
  69  5:36  Barracks  
  69  5:38  SCV  
  69  5:40  Starport Reactor  
  70  5:45  SCV  
  70  5:46  Marine  
  70  5:47  Terran Infantry Weapons Level 1, Terran Infantry Armor Level 1  
  72  5:52  SCV x2  
  72  5:53  Refinery  
  72  5:54  Refinery  
  74  5:57  SCV  
  74  6:03  Marine  
  64  6:21  Marauder, Combat Shields  
  64  6:25  Barracks Reactor, Barracks Tech Lab  
  56  6:26  SCV  
  56  6:29  SCV x2  
  51  6:34  Marauder, Medivac, Marine x2  
  51  6:35  Medivac  
  51  6:38  Barracks, SCV  
  56  6:40  Factory Tech Lab  
  56  6:41  SCV  
  56  6:43  SCV  
  56  6:50  SCV  
  56  6:52  Supply Depot  
  56  6:53  Marine x3, SCV  
  61  6:55  SCV  
  62  7:03  SCV  
  62  7:06  Marauder, Marine x3  
  62  7:08  SCV  
  69  7:11  Marine  
  70  7:15  SCV  
  70  7:19  Marauder, Marine  
  70  7:21  Orbital Command  
  74  7:23  Marine  
  74  7:24  Marauder, Marine  
  74  7:25  Marine  
  74  7:27  Marine  
  80  7:32  Marine x2, Supply Depot x2  
  80  7:35  SCV  
  80  7:36  Marine  
  84  7:46  Marine  
  85  7:53  Marine, Siege Tank, SCV x2  
  85  7:54  Marauder, Marine, SCV  
  85  7:55  Marauder, Marine  
  85  7:56  Supply Depot  
  98  7:58  Medivac  
  100  8:05  SCV  
  100  8:06  Medivac  
  100  8:10  SCV  
  104  8:14  Supply Depot  
  104  8:15  Marauder, Marine  
  104  8:21  Marine  
  104  8:22  Marauder x2, Marine  
  107  8:30  Marine x2  
  109  8:36  Marine  
  109  8:37  Marauder  
  109  8:38  Marine  
  113  8:42  Marine x2  
  113  8:43  Marauder  
  113  8:44  Marauder  
  119  8:48  Marine x2  
  118  8:57  Armory  
  118  8:58  Supply Depot  
Tags
 
Add a new tag
Caveats
  • Supply blocks, unpowered buildings, or Contaminate may cause inaccurate times.
  • Supply counts are checked every 10 seconds.